Map: [EWC] Alcyone

Players

Cure

  • Race: Terran Terran
  • Spawn Location: 1:00

herO - Winner!

  • Race: Protoss Protoss
  • Spawn Location: 7:00

Event: Esports World Cup 2024

VOD

Have the link to the VOD?

Description

Time

  • Played on: Aug. 17, 2024, 1:12 p.m.
  • Length: 14:41

All games in this series

Show
View Real Time Build Order
Export as new Build Order

Cure Terran 

Build Orders: Cyclone Opening 

Get SALT Encoding   

  12  0:00  SCV  
  13  0:12  SCV  
  14  0:17  Supply Depot  
  14  0:24  SCV  
  15  0:38  SCV  
  15  0:39  Barracks  
  16  0:42  Refinery  
  16  0:51  SCV  
  16  0:52  Refinery  
  17  1:03  SCV  
  18  1:15  SCV  
  19  1:26  Reaper  
  19  1:27  Orbital Command  
  19  1:28  Supply Depot  
  20  1:42  Factory  
  20  1:53  SCV  
  21  1:58  Reaper  
  22  2:05  SCV  
  23  2:17  SCV, Command Center  
  24  2:27  Cyclone  
  24  2:29  SCV  
  27  2:41  SCV  
  28  2:45  Starport  
  28  2:50  Supply Depot  
  28  2:52  Barracks Reactor  
  28  2:53  SCV  
  29  3:00  Widow Mine  
  31  3:12  SCV  
  31  3:23  Medivac  
  31  3:24  SCV, Widow Mine  
  36  3:28  Marine  
  36  3:29  Marine  
  37  3:36  SCV  
  38  3:46  Marine  
  39  3:50  SCV, Marine  
  39  3:52  Orbital Command  
  41  3:58  Starport Tech Lab, Factory Tech Lab  
  41  4:02  SCV  
  40  4:04  Marine  
  40  4:08  Marine, Bunker  
  42  4:14  SCV  
  43  4:19  Siege Tank  
  43  4:20  SCV  
  43  4:23  Banshee  
  50  4:27  SCV, Barracks  
  50  4:29  Supply Depot  
  50  4:31  Marine x2  
  52  4:32  SCV  
  52  4:37  Supply Depot  
  54  4:47  Barracks  
  54  4:51  SCV x2  
  56  4:54  Marine x2  
  56  4:55  Siege Tank  
  61  5:03  SCV x2  
  62  5:15  SCV x2, Marine x2  
  62  5:16  Starport Reactor  
  62  5:17  Refinery, Engineering Bay  
  62  5:19  Supply Depot x2  
  66  5:27  SCV x2  
  68  5:30  Marine  
  68  5:32  Marine  
  68  5:33  Marine  
  67  5:35  Siege Tank  
  67  5:39  Stimpack  
  67  5:41  SCV  
  72  5:44  Supply Depot  
  72  5:45  Supply Depot, SCV  
  72  5:46  Barracks Tech Lab  
  72  5:51  Marine  
  72  5:52  Marine  
  72  5:53  SCV, Marine  
  78  6:00  Refinery  
  78  6:01  Terran Infantry Weapons Level 1, SCV  
  77  6:05  SCV  
  77  6:06  Marauder  
  77  6:09  Marine  
  77  6:10  Marine  
  78  6:14  SCV  
  78  6:17  SCV  
  75  6:22  Marauder  
  75  6:25  Supply Depot  
  77  6:27  Marine, Marauder  
  77  6:28  Marine  
  81  6:36  Command Center  
  81  6:39  Medivac  
  83  6:40  Combat Shield  
  83  6:49  Marauder, Factory Reactor  
  83  6:50  Supply Depot  
  85  6:55  Marauder  
  85  6:56  SCV x2  
  85  7:00  Missile Turret  
  85  7:01  Marine  
  88  7:08  SCV x2  
  88  7:14  Medivac x2  
  93  7:20  Marine  
  93  7:21  Marine, Marauder x2  
  98  7:32  Widow Mine x2  
  98  7:34  SCV x2, Barracks x2  
  104  7:42  Concussive Shells  
  101  7:44  Marauder  
  101  7:49  Medivac, Viking  
  106  7:52  SCV x2  
  106  7:56  Marine  
  106  7:57  Marauder  
  111  8:04  SCV x2  
  111  8:06  Marauder  
  111  8:09  Widow Mine x2  
  117  8:16  SCV  
  117  8:17  SCV  
  117  8:19  Marauder  
  121  8:25  Barracks Reactor  
  121  8:26  Marauder  
  123  8:27  Orbital Command, Marauder  
  123  8:29  SCV x2  
  123  8:31  Marine x2  
  123  8:33  Widow Mine x2  
  133  8:39  Supply Depot  
  133  8:40  Medivac  
  135  8:44  Marauder  
  135  8:45  Terran Infantry Armor Level 1  
  135  8:47  Marine  
  135  8:48  Marine  
  138  8:51  Marine x2  
  138  8:54  Ghost Academy  
  141  9:01  SCV x3  
  142  9:03  Orbital Command  
  142  9:06  Marauder x3  
  144  9:10  Marine x2  
  144  9:13  SCV  
  140  9:20  Marine x2  
  139  9:27  SCV x2, Marauder  
  139  9:28  Marauder  
  145  9:33  Marine x2, Marauder  
  145  9:38  Marine x2  
  138  9:45  Viking x2  
  138  9:47  SCV  
  138  9:48  SCV x2  
  138  9:49  Marauder  
  146  9:58  Bunker  
  147  10:00  SCV x2  
  147  10:06  Ghost, Engineering Bay  
  148  10:07  Armory  
  146  10:16  Ghost  
  148  10:22  Supply Depot x2  
  148  10:25  Missile Turret  
  148  10:32  Marine  
  148  10:34  Command Center  
  148  10:35  Marine x2  
  149  10:41  Supply Depot  
  149  10:43  Marine, Ghost  
  149  10:44  Viking x2  
  149  10:45  Ghost  
  149  10:46  Ghost  
  149  10:47  Supply Depot  
  157  11:01  Widow Mine x2, Terran Infantry Armor Level 2, Terran Infantry Weapons Level 2  
  159  11:05  Refinery  
  159  11:06  Supply Depot  
  159  11:08  Refinery  
  158  11:13  Ghost  
  160  11:21  Medivac  
  160  11:22  Missile Turret  
  160  11:23  Medivac  
  164  11:33  Marine x2  
  164  11:34  Marine, Marauder x2  
  164  11:35  Marine  
  164  11:37  Widow Mine x2  
  174  11:54  Ghost, Sensor Tower  
  174  11:55  Missile Turret, Viking x2  
  174  11:59  Barracks  
  174  12:00  Barracks  
  180  12:03  Barracks  
  180  12:08  Ghost  
  172  12:09  Marine x4, Marauder  
  176  12:28  Marine x4, Marauder  
  178  12:31  Marauder  
  178  12:35  Viking x2  
  177  12:37  Planetary Fortress, Marauder  
  177  12:38  Widow Mine x2  
  177  12:40  Orbital Command  
  183  12:50  Marauder  
  185  12:52  Marauder  
  185  12:54  Marine x4  
  186  12:59  Marauder  
  186  13:04  Barracks Tech Lab, Barracks Reactor  
  186  13:05  Barracks Tech Lab  
  173  13:08  Missile Turret  
  173  13:11  Marauder  
  173  13:12  Marine x4  
  179  13:13  Marauder  
  181  13:20  Marauder  
  178  13:31  Marine x4  
  178  13:32  Marauder x2  
  178  13:33  Marauder  
  156  13:35  Marauder  
  131  13:42  Marauder  
  129  13:49  Marine x3  
  129  13:51  Medivac x2  
  129  13:53  Marauder x2  
  129  13:54  Marauder  
  140  14:00  Marine x2, Ghost  
  140  14:01  Marine  
  140  14:02  Ghost  
  143  14:07  Marine  
  143  14:08  Marine x2  
  134  14:14  Marauder x2  
  134  14:15  Marauder  
  129  14:18  Marine  
Show
View Real Time Build Order
Export as new Build Order

herO Protoss - Winner!

Build Orders: 1 Gate Expand, Blink Stalkers 

Get SALT Encoding   

  12  0:00  Probe  
  13  0:12  Probe  
  14  0:17  Pylon  
  14  0:24  Probe (Chrono Boost)  
  16  0:36  Gateway, Probe (Chrono Boost)  
  16  0:43  Probe (Chrono Boost)  
  16  0:44  Assimilator  
  17  0:50  Probe  
  18  1:03  Probe  
  19  1:15  Probe  
  20  1:23  Cybernetics Core, Zealot  
  22  1:36  Nexus  
  22  1:42  Pylon  
  22  1:45  Probe  
  23  1:52  Assimilator  
  23  1:57  Adept (Chrono Boost)  
  25  2:01  Warp Gate  
  25  2:02  Probe  
  26  2:15  Probe  
  27  2:18  Adept (Chrono Boost)  
  29  2:27  Probe  
  30  2:34  Twilight Council  
  30  2:39  Probe  
  30  2:40  Stalker  
  31  2:45  Shield Battery  
  31  2:48  Probe  
  33  2:51  Probe  
  33  3:03  Gateway, Probe  
  33  3:05  Probe  
  33  3:14  Stalker  
  32  3:20  Probe x2  
  34  3:31  Robotics Facility  
  33  3:35  Probe x2  
  33  3:40  Blink (Chrono Boost)  
  35  3:47  Probe  
  34  3:52  Stalker  
  36  3:56  Probe  
  36  3:59  Probe  
  37  4:05  Probe  
  38  4:11  Probe, Pylon  
  38  4:13  Probe  
  38  4:16  Stalker  
  42  4:18  Observer  
  44  4:26  Probe (Chrono Boost)  
  44  4:27  Probe (Chrono Boost)  
  44  4:29  Stalker  
  47  4:33  Assimilator  
  47  4:36  Probe (Chrono Boost)  
  49  4:39  Pylon, Probe (Chrono Boost)  
  49  4:41  Probe (Chrono Boost)  
  50  4:45  Stalker  
  50  4:48  Probe  
  50  4:50  Observer  
  53  4:53  Probe  
  53  4:57  Observer  
  55  5:01  Nexus  
  55  5:04  Pylon  
  55  5:10  Stalker  
  55  5:13  Stalker  
  58  5:14  Probe  
  58  5:16  Probe  
  60  5:24  Warp Prism (Chrono Boost)  
  60  5:26  Observer  
  62  5:34  Probe x2  
  64  5:36  Charge  
  64  5:44  Shield Battery  
  64  5:47  Stalker x2  
  64  5:49  Probe x2  
  70  5:54  Shield Battery  
  70  6:00  Pylon  
  70  6:01  Observer  
  70  6:04  Probe  
  70  6:05  Probe  
  70  6:09  Forge  
  68  6:16  Probe  
  68  6:17  Probe  
  66  6:25  Probe (Chrono Boost)  
  66  6:26  Sentry x2  
  66  6:29  Gateway  
  66  6:30  Gateway  
  73  6:34  Probe x2 (Chrono Boost)  
  73  6:38  Probe (Chrono Boost)  
  74  6:41  Immortal  
  74  6:44  Probe x3 (Chrono Boost)  
  74  6:45  Protoss Ground Weapons Level 1 (Chrono Boost)  
  81  6:52  Observer  
  81  6:54  Gateway  
  81  6:57  Zealot x2  
  81  7:00  Probe  
  81  7:01  Probe x2  
  88  7:05  Gateway  
  88  7:14  Robotics Bay  
  91  7:17  Pylon  
  91  7:18  Zealot x2  
  92  7:23  Pylon  
  92  7:26  Shield Battery  
  92  7:33  Pylon  
  92  7:34  Probe  
  92  7:35  Probe x2, Immortal (Chrono Boost)  
  99  7:43  Observer  
  99  7:48  Zealot x4  
  99  7:51  Zealot  
  107  7:54  Observer  
  107  7:57  Probe  
  108  7:59  Shield Battery  
  108  8:00  Observer  
  108  8:03  Probe x2  
  108  8:05  Colossus (Chrono Boost)  
  110  8:06  Observer  
  110  8:07  Extended Thermal Lance (Chrono Boost)  
  116  8:15  Nexus  
  116  8:16  Forge  
  116  8:26  Zealot, Observer  
  117  8:29  Pylon  
  117  8:30  Pylon  
  117  8:33  Pylon  
  117  8:34  Unknown  
  117  8:36  Robotics Facility  
  117  8:37  Observer  
  117  8:38  Protoss Ground Weapons Level 2  
  117  8:39  Gateway  
  117  8:42  Pylon  
  117  8:44  Gateway  
  117  8:47  Probe x3  
  120  8:52  Stalker x3  
  120  8:53  Shield Battery  
  125  8:56  Colossus (Chrono Boost)  
  129  9:08  Zealot x3  
  131  9:17  Zealot x3  
  131  9:21  Probe x3  
  136  9:30  Zealot x3  
  134  9:36  Stalker  
  124  9:40  Observer  
  124  9:42  Stalker x3  
  124  9:44  Colossus (Chrono Boost)  
  126  9:47  Observer, Protoss Ground Armor Level 1 (Chrono Boost)  
  126  9:51  Zealot x2  
  126  9:52  Zealot x2  
  137  10:00  Probe x4  
  138  10:14  Observer  
  138  10:16  Zealot x6  
  154  10:22  Disruptor (Chrono Boost)  
  154  10:27  Zealot x2, Disruptor (Chrono Boost)  
  160  10:30  Pylon  
  160  10:37  Zealot x2  
  160  10:38  Pylon  
  164  10:45  Pylon x2  
  164  10:46  Protoss Ground Weapons Level 3 (Chrono Boost)  
  164  10:48  Disruptor (Chrono Boost)  
  168  10:54  Disruptor (Chrono Boost), Nexus  
  170  10:57  Pylon  
  168  11:10  Zealot x7  
  180  11:14  Zealot  
  180  11:16  Disruptor (Chrono Boost), Probe x4  
  190  11:18  Shield Battery  
  190  11:22  Disruptor  
  194  11:27  Pylon  
  194  11:28  Pylon  
  194  11:35  Zealot x3  
  200  11:44  Gateway  
  200  11:46  Gateway  
  200  11:47  Gateway x2  
  200  11:48  Gateway  
  200  11:49  Protoss Ground Armor Level 2 (Chrono Boost), Photon Cannon  
  200  11:57  Gateway  
  200  11:59  Dark Shrine  
  196  12:35  Disruptor (Chrono Boost)  
  194  12:44  Observer (Chrono Boost)  
  199  12:51  Nexus  
  199  12:53  Pylon  
  199  13:07  Gateway  
  199  13:08  Gateway  
  199  13:10  Gateway  
  199  13:11  Gateway  
  199  13:12  Gateway  
  151  13:34  Disruptor (Chrono Boost)  
  151  13:35  Disruptor (Chrono Boost)  
  151  13:39  Zealot x13  
  119  13:58  Stalker  
  119  13:59  Stalker x5  
  119  14:00  Stalker x6  
  139  14:03  Disruptor x2  
  139  14:07  Zealot x2  
  146  14:11  Zealot x5  
  156  14:21  Photon Cannon  
  150  14:26  Zealot x12  
  150  14:28  Shield Battery  
Tags
 
Add a new tag
Caveats
  • Supply blocks, unpowered buildings, or Contaminate may cause inaccurate times.
  • Supply counts are checked every 10 seconds.